 Seeded DCSS version 0.31-a0-986-g5e6e4ef867 (webtiles) character file.

Game seed: 3451369682634171190 (custom seed)

110 timneilson the Ruffian (level 4, -7/29 HPs)
             Began as an Octopode Shapeshifter on Nov 24, 2023.
             Mangled by a gnoll
             ... wielding a +0 spear
              (10 damage)
             ... on level 3 of the Dungeon.
             The game lasted 00:03:52 (1831 turns).

timneilson the Ruffian (Octopode Shapeshifter)      Turns: 1831, Time: 00:03:52

Health: -7/29      AC:  1    Str: 15    XL:     4   Next: 91%
Magic:  4/4        EV: 28    Int: 12    God:
Gold:   319        SH:  0    Dex: 11    Spells: 3/3 levels left

rFire   . .          .
                       - Unarmed
rCold   + . .        (no shield)
rNeg    . . .        (helmet currently unavailable)
rPois   .            e - amulet of the acrobat
rElec   +            l - ring "Sankorux" {rElec rC+ rCorr SInv}
rCorr   +            (no ring)
SInv    +            (no ring)
Will    .....        (no ring)
Stlth   +++          (no ring)
HPRegen 0.24/turn    (no ring)
MPRegen 0.09/turn    (no ring)
                     (no ring)

%: acrobat
@: beast-form, acrobatic
A: beast (slay +2), almost no armour, amphibious, 8 rings, camouflage 1,
gelatinous body 1, (nimble swimmer 1), tentacles
a: Begin Untransformation


You were on level 3 of the Dungeon.
You were a hulking beast.
You visited 1 branch of the dungeon, and saw 3 of its levels.

You collected 816 gold pieces.
You spent 497 gold pieces at shops.

Inventory:

Jewellery
 d - a ring of ice
 e - an amulet of the acrobat (around mantle)
 l - the ring "Sankorux" (left tentacle) {rElec rC+ rCorr SInv}
   (You bought it in a shop on level 1 of the Dungeon)

   [ring of resist corrosion]

   rC+:       It protects you from cold.
   rElec:     It insulates you from electricity.
   SInv:      It lets you see invisible.
   rCorr:     It protects you from acid and corrosion.
Talismans
 b - a beast talisman
 c - a flux talisman
Potions
 a - a potion of lignification
 f - 2 potions of brilliance {unknown}
 g - a potion of haste {unknown}
 i - a potion of curing {unknown}
 k - a potion of heal wounds {unknown}
 n - a potion of enlightenment {unknown}


   Skills:
 * Level 2.1 Fighting
 * Level 2.8 Dodging
 + Level 1.9 Stealth
 * Level 3.6 Unarmed Combat
 * Level 3.5 Shapeshifting


You had 3 spell levels left.
You didn't know any spells.
Your spell library contained the following spells:

 Spells                   Type           Power      Damage    Failure   Level
 Ensorcelled Hibernation  Hex/Ice        0%         N/A       45%         2
 Jinxbite                 Hex            0%         N/A       45%         2
 Anguish                  Hex/Necr       0%         N/A       97%         4


Dungeon Overview and Level Annotations

Branches:
Dungeon (3/15)

Altars:

Shops:
D:1 (=


Innate Abilities, Weirdness & Mutations

You are a hulking beast.
Your limbs bulge with bestial killing power. (Slay +2)
You cannot wear most types of armour.
You are amphibious.
You can wear up to eight rings at the same time.
Your skin changes colour to match your surroundings (Stealth+).
Your rubbery body absorbs attacks. (AC +1, EV +1)
((You are camouflaged when in or above water. (Stealth+)))
You have tentacles for arms and can constrict up to eight enemies at once.


Message History

The gnoll hits you with a +0 club.
You tentacle-slap the gnoll. You grab the gnoll. You squeeze the gnoll.
The gnoll is severely wounded.
You constrict the gnoll. The gnoll hits you with a +0 club!
You tentacle-slap the gnoll.
You kill the gnoll!
Things that are here:
a +0 club; a jackal corpse You start resting.
A gnoll is nearby!
A gnoll comes into view. It is wielding a +0 spear.
You see here a jackal corpse.
A gnoll comes into view. It is wielding a +0 halberd.
You see here a jackal corpse.
Things that are here:
a +0 club; a jackal corpse The gnoll shouts!
You tentacle-slap the gnoll. Your grab misses the gnoll.
The gnoll is lightly wounded.
The gnoll hits you with a +0 club.
You tentacle-slap the gnoll. Your grab misses the gnoll.
The gnoll is moderately wounded.
The gnoll hits you with a +0 club.
You closely miss the gnoll. Your grab misses the gnoll.
Your tentacle-slap misses the gnoll.
You squeeze the gnoll.
The gnoll is heavily wounded.
The gnoll barely misses you.
You tentacle-slap the gnoll. Your grab misses the gnoll.
The gnoll is heavily wounded.
The gnoll hits you with a +0 club. The gnoll closely misses you.
You tentacle-slap the gnoll.
You kill the gnoll!
The gnoll completely misses you. The gnoll attacks as it pursues you!
The gnoll closely misses you. The gnoll attacks as it pursues you!
The gnoll hits you from afar with a +0 spear!
* * * LOW HITPOINT WARNING * * *
The gnoll attacks as it pursues you!
The gnoll hits you from afar with a +0 spear!
You die...

######## #......# #.####.# ## ###
#####.####.# 8###8###8#.....##.#
...........#.#.##.# .#
...........#.#.##.# ##g##
...........#....h.#### #...#
..##8###8#####....g..# #...#
..#### ### #######g# #g..#
..8############ ###.#### #...#
..##>##.......####....).# #....
..##.##............#.##†#####....
..##.##............#.##..........
..8#.##............#.............
..##.##..†..<..........).........


You could see 2 gnolls.

Vanquished Creatures
  3 adders (D:2)
  2 gnolls (D:3)
  A shadow imp (D:3)
  5 dart slugs
  3 ball pythons
  3 endoplasms
  4 giant cockroaches
  5 goblins (D:1)
  5 hobgoblins
  4 jackals (D:3)
  2 quokkas
  2 bats (D:1)
  A frilled lizard (D:2)
  2 kobolds (D:1)
  6 rats
48 creatures vanquished.

Notes
Turn   | Place    | Note
-------+----------+-------------------------------------------
     0 | D:1      | timneilson the Octopode Shapeshifter began the quest for
                  | the Orb.
     0 | D:1      | Reached XP level 1. HP: 13/13 MP: 1/1
    72 | D:1      | Found Juceetep's Jewellery Shop.
   100 | D:1      | Noticed a golden eye
   103 | D:1      | Found a faded altar of an unknown god.
   112 | D:1      | Reached XP level 2. HP: 18/18 MP: 2/2
   112 | D:1      | Noticed an eye of devastation
   112 | D:1      | Noticed a golden eye
   112 | D:1      | Noticed a glass eye
   220 | D:1      | Found Mylaamin's Weapon Shop.
   581 | D:1      | Reached XP level 3. HP: 23/23 MP: 3/3
   866 | D:2      | Reached skill level 1 in Stealth
   876 | D:2      | Identified a scroll of acquirement
   876 | D:2      | Acquired 707 gold pieces
   928 | D:1      | Bought the ring "Sankorux" {rElec rC+ rCorr SInv} for 497
                  | gold pieces
  1137 | D:2      | Reached XP level 4. HP: 29/29 MP: 4/4
  1831 | D:3      | Mangled by a gnoll

Illustrated notes

Levels and vault maps discovered:
D:1:      spicycebolla_green_bress_n_ham, layout_basic,
          hellmonk_ecumenical_altar_watching_god, serial_shops,
          nicolae_shop_gaudy_bauble, shop
D:2:      layout_loops_ring
D:3:      layout_loops_cross, grunt_temple_overflow_open,
          hangedman_decor_opposing, corexii_hall_statues_l, uniq_terence

Skill      XL: |  1  2  3  4 |
---------------+-------------+-----
Stealth        | 1 |  1.9
Fighting       | 2 |  2.1
Dodging        | |  2.8
Unarmed Combat | |  3.6
Shapeshifting  | |  3.5

Action                     |  1- 3 |  4- 6 || total
---------------------------+-------+-------++-------
  Melee: Unarmed           |    61 |    36 ||    97
         Constrict         |    16 |     9 ||    25
         Tentacles         |    10 |     6 ||    16
         Punch             |       |     1 ||     1
    Use: Scroll            |     2 |     3 ||     5
   Stab: Sleeping          |     3 |     5 ||     8
 Armour: Skin              |    13 |    11 ||    24
  Dodge: Dodged            |    33 |    23 ||    56

Table legend: (Time is in decaauts)
 A = Elapsed time spent in this place.
 B = Non-inter-level travel time spent in this place.
 C = Inter-level travel time spent in this place.
 D = Time resting spent in this place.
 E = Time spent auto-exploring this place.
 F = Levels seen in this place.
 G = Mean time per level.
                   A        B        C        D        E       F      G
               +--------+--------+--------+--------+--------+-----+--------+
         Total |   1825 |   1744 |     81 |     49 |   1259 |   3 |  608.3 |
       Dungeon |   1825 |   1744 |     81 |     49 |   1259 |   3 |  608.3 |
               +--------+--------+--------+--------+--------+-----+--------+

Top non-repeatable levels by time:
     D:1: 897 daAuts
     D:2: 683 daAuts
     D:3: 244 daAuts
